 Dungeon Crawl Stone Soup version 0.29-a0-284-gf9362112df (webtiles) character file.

Game seed: 8646612014397846976

109 spaghetti the Sneak (level 4, -5/27 HPs)
             Began as a Vampire Cinder Acolyte on Mar 22, 2022.
             Was a High Priest of Ignis.
             Slain by an orc warrior
             ... wielding a +0 mace
              (11 damage)
             ... on level 3 of the Dungeon.
             The game lasted 00:02:01 (918 turns).

spaghetti the Sneak (Vampire Cinder Acolyte)         Turns: 918, Time: 00:02:02

Health: -5/27      AC:  3    Str: 13    XL:     4   Next: 59%
Magic:  5/5        EV: 11    Int: 16    God:    Ignis [*****.]
Gold:   83         SH:  0    Dex: 11    Spells: 5/5 levels left

rFire   + . .      SeeInvis +   a - -1 short sword (flame) {short}
rCold   + + .      Faith    .   (no shield)
rNeg    + + +      Spirit   .   b - +0 robe
rPois   ∞          Reflect  .   i - +0 helmet
rElec   .          Harm     .   (no cloak)
rCorr   .          Rampage  .   (no gloves)
Will    .....                   (no boots)
Stlth   +++++.....              (no amulet)
HPRegen 0.00/turn               c - ring of positive energy
MPRegen 0.09/turn               (no ring)

@: bloodless, inhibited regen
A: bloodless, fangs 3, see invisible, vampiric 2
a: Bat Form, Revivify, Renounce Religion, Fiery Armour, Foxfire Swarm, Rising
Flame


You were on level 3 of the Dungeon.
You worshipped Ignis.
Ignis was extremely pleased with you.
You visited 1 branch of the dungeon, and saw 3 of its levels.

You collected 83 gold pieces.


Innate Abilities, Weirdness & Mutations

You do not regenerate when monsters are visible.
You are frail without blood (-20% HP).
You can heal yourself when you bite living creatures.
You are immune to poison.
You have razor-sharp teeth.
You have supernaturally acute eyesight. (SInv)
You are afflicted with vampirism and can become a bat while bloodless.


   Skills:
 - Level 2.6 Fighting
 - Level 3.2 Short Blades
 + Level 6.9 Stealth
 - Level 1.0 Spellcasting
 - Level 2.4 Fire Magic


You had 5 spell levels left.
You didn't know any spells.
Your spell library contained the following spells:

 Spells                   Type           Power      Damage    Failure   Level
 Scorch                   Fire           16%        2d5       13%         2

Inventory:

Hand Weapons
 a - a -1 short sword of flaming (weapon) {short}
Missiles
 h - 10 stones (quivered) {throwing}
Armour
 b - a +0 robe (worn)
 i - a +0 helmet (worn)
   (You found it on level 2 of the Dungeon)
Jewellery
 c - a ring of positive energy (left hand)
   (You found it on level 1 of the Dungeon)
Wands
 f - a wand of paralysis (4)
   (You found it on level 2 of the Dungeon)
Potions
 d - 2 potions of haste {@q3}
 e - a potion of brilliance {unknown}
 g - a potion of flight {unknown}

Dungeon Overview and Level Annotations

Branches:
Dungeon (3/15)

Altars:
Cheibriados

.))....# #.##.# #.#
.......# #.##.# #.#
.o.o.o.# #.##.###.#
.......# #. #..# .......#
#. ##.# .......# #.# #.#
.......# #.# #.#
......[#####.###.##+#####
................@........
$..............ooo.......
o.............S.....?.
...................###
.................#.#
................>#.#
...............### #
..................
o.............####


You could see an orc warrior, 2 orcs and a ball python.


Message History

😕 HP[-1]
You take 1 damage, and now have 26/27 hp.
You hit the endoplasm. You burn the endoplasm. The endoplasm freezes you.
You are frozen.
You resist.
You hit the endoplasm but do no damage.
You bite the endoplasm, but do no damage.
The endoplasm splashes around in the water.
You hit the endoplasm. You burn the endoplasm.
You kill the endoplasm!
You enter the shallow water.
Moving in this stuff is going to be slow. 😎 HP[+1]
Your hp is fully restored (27).
h - 10 stones {throwing}
Found a snail-covered altar of Cheibriados.
You now have 83 gold pieces (gained 7).
d - 2 potions of haste {@q3} (gained 1)
Found a stone staircase leading up.
Press: ? - help, . - travel, g - get item You can't see that place. [Stash: a helmet] [the floor.]
You see here a +0 helmet.
i - a +0 helmet You start putting on your armour.
You continue putting on your +0 helmet. x4
You finish putting on your +0 helmet.
A goblin comes into view. It is wielding a +0 club.
There is a stone staircase leading down here.
The helpless goblin fails to defend itself.
You bite the goblin, and draw its blood!
You puncture the goblin! You burn the goblin.
You kill the goblin!
You see here a +0 club {mace}.
There is a stone staircase leading down here.
You climb downwards.
Found a ring mail.
Found a stone staircase leading down.
There is a stone staircase leading up here.
Unknown command.
Unknown command.
Found a faded altar of an unknown god.
As you open the door, it creaks loudly!
There is an open door here.
Found an escape hatch in the ceiling.
There is an escape hatch in the ceiling here.
A worm comes into view.
You hit the worm. You burn the worm. The worm closely misses you.
You hit the worm. You burn the worm. You bite the worm.
The worm closely misses you.
You hit the worm. You burn the worm. You hit the worm but do no damage.
The worm bites you. 😕 HP[-1]
You take 1 damage, and now have 26/27 hp.
You barely miss the worm. You bite the worm. You hit the worm but do no damage.
Your bite misses the worm. The worm bites you but does no damage.
You hit the worm. You burn the worm. You hit the worm but do no damage.
You bite the worm.
You kill the worm! 😎 HP[+1]
Your hp is fully restored (27).
Found a stone staircase leading down.
An orc comes into view. It is wielding a +0 short sword.
An orc warrior and an orc come into view.
A ball python comes into view.
The helpless orc warrior fails to defend itself.
You bite the orc warrior, and draw its blood!
You puncture the orc warrior! You burn the orc warrior.
The orc warrior misses you.
The orc shouts!
You closely miss the orc warrior.
The orc shouts!
The ball python hisses angrily.
The orc misses you.
The orc warrior hits you with a +0 mace!
You hear a shout! x2 😮 HP[-10]
You take 10 damage, and now have 17/27 hp.
MASSIVE DAMAGE!! (PAUSE)
The orc attacks as you move away! The orc barely misses you.
The orc warrior attacks as you move away!
The orc warrior closely misses you. The orc attacks as you move away!
The orc hits you with a +0 short sword.
* * * LOW HITPOINT WARNING * * *
The orc warrior attacks as you move away!
The orc warrior closely misses you. 😨 HP[-5]
You take 5 damage, and now have 12/27 hp.
The orc attacks as you move away! The orc hits you but does no damage.
The orc warrior attacks as you move away!
The orc warrior barely misses you.
The orc warrior attacks as you move away!
The orc warrior hits you with a +0 mace.
* * * LOW HITPOINT WARNING * * *
The orc hits you but does no damage. 😱 HP[-6]
You take 6 damage, and now have 6/27 hp.
MASSIVE DAMAGE!! (PAUSE)
The orc warrior attacks as you move away!
The orc warrior hits you with a +0 mace!
You die...

Skill      XL: |  1  2  3 |
---------------+----------+-----
Stealth        | 2 5 6 |  6.9
Fighting       | |  2.6
Short Blades   | |  3.2
Spellcasting   | |  1.0
Fire Magic     | |  2.4

Action                   |  1- 3 |  4- 6 || total
-------------------------+-------+-------++-------
Melee: Short sword       |    42 |    23 ||    65
       Bite              |     1 |     5 ||     6
 Abil: Exsanguinate      |     1 |       ||     1
  Use: Scroll            |       |     1 ||     1
 Stab: Sleeping          |     7 |     5 ||    12
Armor: Robe              |    15 |     5 ||    20
Dodge: Dodged            |    40 |     9 ||    49

Levels and vault maps discovered:
D:1:      psy_arrival_statuary, layout_rooms, serial_shops, shop
D:2:      layout_basic, basic_altar, chequers_big_river, minmay_pentomino_v2,
          uniq_terence, uniq_jessica
D:3:      layout_basic, ebering_ecumenical_altar_webs

Notes
Turn   | Place    | Note
-------+----------+-------------------------------------------
     0 | D:1      | spaghetti the Vampire Cinder Acolyte began the quest for
                  | the Orb.
     0 | D:1      | Reached XP level 1. HP: 17/17 MP: 2/2
     0 | D:1      | magus.rc [v1.9.6]
    40 | D:1      | Reached skill level 1 in Stealth
    94 | D:1      | Reached skill level 2 in Stealth
   166 | D:1      | Reached XP level 2. HP: 22/23 MP: 3/3
   212 | D:2      | Reached skill level 3 in Stealth
   296 | D:3      | Reached skill level 5 in Stealth
   296 | D:3      | Gained mutation: You are afflicted with vampirism and can
                  | become a bat while bloodless. [Vampire growth]
   296 | D:3      | Reached XP level 3. HP: 22/22 MP: 4/4
   352 | D:2      | Noticed Jessica
   357 | D:2      | Killed Jessica
   358 | D:2      | Reached skill level 6 in Stealth
   358 | D:2      | Reached XP level 4. HP: 20/27 MP: 5/5
   451 | D:2      | Noticed Terence
   458 | D:2      | Killed Terence
   664 | D:2      | Found a snail-covered altar of Cheibriados.
   842 | D:3      | Found a faded altar of an unknown god.
   902 | D:3      | Noticed an orc warrior
   917 | D:3      | HP: 6/27 [orc warrior/+0 mace (6)]
   918 | D:3      | Slain by an orc warrior

Vanquished Creatures
  Jessica (D:2)
  Terence (D:2)
  An orc wizard (D:3)
  2 worms
  3 dart slugs (D:2)
  An orc (D:3)
  2 ball pythons (D:1)
  3 endoplasms
  A giant cockroach (D:1)
  2 goblins
  2 hobgoblins
  2 bats
  2 frilled lizards
23 creatures vanquished.

Vanquished Creatures (others)
  A plant (D:2)
1 creature vanquished.

Grand Total: 24 creatures vanquished

Table legend:
 A = Non-vault XP
 B = Vault XP
 C = Vault XP percentage of total XP
 D = Non-vault monster count
 E = Vault monster count
 F = Vault count percentage of total count
                 A         B        C        D         E       F
            +---------+---------+-------+---------+---------+-------
      Total |      82 |      74 |  47.4 |      20 |       3 |  13.0
            +---------+---------+-------+---------+---------+-------
        D:1 |      13 |       0 |   0.0 |       8 |       0 |   0.0
        D:2 |      26 |      74 |  74.0 |       9 |       3 |  25.0
        D:3 |      43 |       0 |   0.0 |       3 |       0 |   0.0
            +---------+---------+-------+---------+---------+-------

Illustrated notes

Table legend:
 A = Kills in this place as a percentage of kills in entire the game.
 B = Kills by you in this place as a percentage of kills by you in the entire game.
 C = Kills by friends in this place as a percentage of kills by friends in the entire game.
 D = Other kills in this place as a percentage of other kills in the entire game.
 E = Experience gained in this place as a percentage of experience gained in the entire game.
 F = Experience gained in this place divided by the number of levels of this place that you have seen.
                   A       B       C       D       E      F
               +-------+-------+-------+-------+-------+----------------------
         Total | 100.0 | 100.0 |   N/A |   N/A | 100.0 |  52.0
       Dungeon | 100.0 | 100.0 |   N/A |   N/A | 100.0 |  52.0
               +-------+-------+-------+-------+-------+----------------------

Table legend: (Time is in decaauts)
 A = Elapsed time spent in this place.
 B = Non-inter-level travel time spent in this place.
 C = Inter-level travel time spent in this place.
 D = Time resting spent in this place.
 E = Time spent auto-exploring this place.
 F = Levels seen in this place.
 G = Mean time per level.
                   A        B        C        D        E       F      G
               +--------+--------+--------+--------+--------+-----+--------+
         Total |    918 |    901 |     17 |     21 |    611 |   3 |  306.0 |
       Dungeon |    918 |    901 |     17 |     21 |    611 |   3 |  306.0 |
               +--------+--------+--------+--------+--------+-----+--------+

Top non-repeatable levels by time:
     D:2: 636 daAuts
     D:1: 187 daAuts
     D:3: 94 daAuts
